 Dungeon Crawl Stone Soup version 0.22.0-60-ga52c2fc (webtiles) character file.

1508 Dantiko the Grappler (level 8, -1/78 HPs)
             Began as a Troll Berserker on Sept 9, 2018.
             Was a Priest of Trog.
             Slain by an unseen horror (6 damage)
             ... on level 6 of the Dungeon.
             The game lasted 00:36:50 (4417 turns).

Dantiko the Grappler (Troll Berserker)              Turns: 4417, Time: 00:36:51

Health: -1/78      AC:  5    Str: 28    XL:     8   Next: 53%
Magic:  7/7        EV: 11    Int:  3    God:    Trog [***...]
Gold:   341        SH:  0    Dex:  9    Spells: 7/7 levels left

rFire    . . .     SeeInvis .     - Unarmed
rCold    . . .     Gourm    +   (no shield)
rNeg     . . .     Faith    .   a - +0 animal skin
rPois    .         Spirit   .   (helmet restricted)
rElec    .         Reflect  .   (no cloak)
rCorr    .         Harm     .   (gloves unavailable)
MR       ++...                  (boots unavailable)
Stlth    ++........             m - amulet of magic regeneration
HPRegen  1.63/turn              F - ring of flight
MPRegen  0.35/turn              (no ring)

@: berserk cooldown, regenerating, slowed, very slow
A: large, unfitting armour, claws 3, fast metabolism 3, gourmand, regeneration
1, shaggy fur 1, tough skin 2
a: Berserk, Trog's Hand, Renounce Religion, Evoke Flight


You were on level 6 of the Dungeon.
You worshipped Trog.
Trog was most pleased with you.
You were very full.

You visited 2 branches of the dungeon, and saw 7 of its levels.

You collected 341 gold pieces.

Inventory:

Hand Weapons
 p - a +1 quarterstaff of protection
 q - the +10 dagger of Dominance {pierce, +Fly, unknown}
   (You found it on level 5 of the Dungeon)

   It inflicts extra damage upon your enemies.
   It lets you fly.
 u - a +0 club
 x - a +0 dagger of holy wrath
 A - a +0 whip of freezing
Missiles
 f - 67 sling bullets
 j - 28 bolts
 n - 144 stones (quivered)
Armour
 a - a +0 animal skin (worn)
 s - a +0 robe
 y - a +0 robe
Jewellery
 m - an amulet of magic regeneration (around neck)
 F - a ring of flight (left claw)
 G - an uncursed ring of flight
Wands
 e - a wand of polymorph (11)
 w - a wand of random effects (23)
 E - a wand of enslavement (19)
Scrolls
 c - 6 scrolls of identify {unknown}
 d - a scroll of enchant weapon {unknown}
 g - 3 scrolls of teleportation {unknown}
 h - 2 scrolls of blinking {unknown}
 k - a scroll of noise {unknown}
 r - 6 scrolls of enchant armour {unknown}
 t - 2 scrolls of fog {unknown}
 z - 3 scrolls of remove curse {unknown}
 D - 3 scrolls of random uselessness {unknown}
 H - a scroll of magic mapping {unknown}
Potions
 i - a potion of lignification
 l - a potion of curing {unknown}
 o - 2 potions of cancellation {unknown}
 v - 2 potions of might {unknown}
 B - a potion of brilliance {unknown}
Comestibles
 b - 8 rations
 C - 2 chunks of flesh


   Skills:
 + Level 3.7 Fighting
 + Level 5.2 Dodging
 + Level 2.0 Stealth
 + Level 8.2 Unarmed Combat


You had 7 spell levels left.
You didn't know any spells.
Your spell library was empty.

Dungeon Overview and Level Annotations

Branches:
Dungeon (6/15)             Temple (1/1) D:4

Altars:
Ashenzari
Cheibriados
Dithmenos
Elyvilon
Fedhas
Gozag
Hepliaklqana
Kikubaaqudgha
Makhleb
Nemelex Xobeh
Okawaru
Qazlal
Ru
Sif Muna
Trog
Uskayaw
Vehumet
Wu Jian
Xom
Yredelemnul
Zin


Innate Abilities, Weirdness & Mutations

You are too large for most types of armour.
You have claws for hands.
Your metabolism is lightning-fast.
You like to eat raw meat.
Your natural rate of healing is unusually fast.
You are covered in fur. (AC +1)
You have very tough skin. (AC +2)


Message History

* * * LOW HITPOINT WARNING * * *
Something hits you.
* * * LOW HITPOINT WARNING * * *
Something hits you.
* * * LOW HITPOINT WARNING * * *
Something hits you but does no damage.
A red film seems to cover your vision as you go berserk!
You feel yourself moving faster!
You feel mighty!
You feel quite a bit less full. Something hits you.
* * * LOW HITPOINT WARNING * * *
You feel a strong urge to attack something.
Something hits you but does no damage. Something hits you!
* * * LOW HITPOINT WARNING * * *
You feel your anger nearly subside.
You are no longer berserk.
Trog's vigour flows through your veins.
You are exhausted.
You feel yourself slow down. Something hits you but does no damage.
Something hits you.
You die...

...#. ## #....# .## #....
..# +... ..# ##### #.. ..###
#...# #.#+# ....#
#...###...# ....#
#.....@.#.#### ##..###
#....##......# ......#
#....###...###
......#####......#.#.#
####......).####.#<#.##
#.........#).....#.#..### #
#.........#.#########.#.##.#
######....'................#
..#.......###########.#.####


There were no monsters in sight!

Vanquished Creatures
  Pikel (D:4)
  A hippogriff (D:6)
  The ghost of Glitz the Magician, an amateur OpWz (D:4)
  3 slaves (D:4)
  2 ice beasts
  A bullfrog (D:6)
  A crimson imp (D:6)
  2 hounds (D:4)
  Jessica (D:2)
  3 orc wizards
  2 worker ants (D:4)
  A hound zombie (D:6)
  11 adders
  A shadow imp (D:6)
  An adder zombie (D:6)
  3 worms
  4 dart slugs
  5 leopard geckos
  5 orcs
  A ball python (D:4)
  7 giant cockroaches
  7 goblins
  10 hobgoblins
  13 jackals
  4 kobolds
  3 quokkas
  11 bats
  2 frilled lizards
  A jackal zombie (D:6)
  7 rats
115 creatures vanquished.

Vanquished Creatures (others)
  A howler monkey (D:4)
  A worm (D:4)
  2 orcs (D:4)
4 creatures vanquished.

Grand Total: 119 creatures vanquished

Notes
Turn   | Place    | Note
-------+----------+-------------------------------------------
     0 | D:1      | Dantiko the Troll Berserker began the quest for the Orb.
     0 | D:1      | Reached XP level 1. HP: 22/22 MP: 0/0
   472 | D:1      | Reached XP level 2. HP: 25/29 MP: 1/1
  1111 | D:2      | Noticed Jessica
  1119 | D:2      | Reached ** piety under Trog
  1120 | D:2      | Reached XP level 3. HP: 36/36 MP: 2/2
  1128 | D:2      | Killed Jessica
  1155 | D:2      | Reached skill level 4 in Unarmed Combat
  1190 | D:2      | Reached XP level 4. HP: 44/44 MP: 3/3
  1521 | D:2      | Found a hide-covered altar of Uskayaw.
  1521 | D:2      | Found a blossoming altar of Fedhas.
  1952 | D:2      | Found a snail-covered altar of Cheibriados.
  1963 | D:2      | Reached XP level 5. HP: 46/52 MP: 4/4
  2397 | D:3      | Reached *** piety under Trog
  2635 | D:3      | Reached skill level 5 in Unarmed Combat
  3355 | D:4      | Reached XP level 6. HP: 59/59 MP: 5/5
  3365 | D:4      | Found a staircase to the Ecumenical Temple.
  3396 | Temple   | Entered the Ecumenical Temple
  3586 | D:4      | Reached skill level 1 in Stealth
  3633 | D:4      | Noticed a slave
  3633 | D:4      | Noticed a slave
  3634 | D:4      | Noticed Pikel
  3634 | D:4      | Noticed a slave
  3634 | D:4      | Noticed a slave
  3645 | D:4      | Killed Pikel
  3645 | D:4      | Reached skill level 6 in Unarmed Combat
  3645 | D:4      | Reached XP level 7. HP: 67/67 MP: 6/6
  3700 | D:4      | Found a runed gate.
  3701 | D:4      | Found an opulent altar of Gozag.
  3703 | D:4      | Found a runed gate.
  3703 | D:4      | Found a runed gate.
  3703 | D:4      | Noticed Glitz's ghost (amateur OpWz)
  3758 | D:4      | Killed Glitz's ghost
  3758 | D:4      | Reached skill level 7 in Unarmed Combat
  3758 | D:4      | Reached XP level 8. HP: 29/75 MP: 7/7
  3893 | D:4      | Found a hazy altar of Hepliaklqana.
  4187 | D:5      | Entered Level 5 of the Dungeon
  4190 | D:5      | Got a brightly glowing dagger
  4341 | D:6      | Reached skill level 5 in Dodging
  4380 | D:6      | Noticed a hippogriff
  4386 | D:6      | Killed a hippogriff
  4386 | D:6      | Reached skill level 8 in Unarmed Combat
  4417 | D:6      | Slain by an unseen horror

Skill      XL: |  1  2  3  4  5  6  7  8 |
---------------+-------------------------+-----
Unarmed Combat | 4 5 6 7 8 |  8.2
Dodging        | 3 4 5 |  5.2
Fighting       | 3 |  3.7
Stealth        | 1 2 |  2.0

Action                   |  1- 3 |  4- 6 |  7- 9 || total
-------------------------+-------+-------+-------++-------
Melee: Unarmed           |    69 |   171 |   102 ||   342
       Punch             |     1 |     4 |     3 ||     8
Invok: Trog's Hand       |       |     1 |     2 ||     3
       Berserk           |       |     2 |     1 ||     3
  Use: Potion            |       |     2 |       ||     2
 Stab: Sleeping          |     1 |     2 |       ||     3
       Distracted        |       |       |     1 ||     1
  Eat: Chunk             |    10 |    27 |     8 ||    45
       Ration            |     1 |       |       ||     1
Armor: Animal skin       |    47 |    93 |    31 ||   171
Dodge: Dodged            |    46 |   129 |    56 ||   231
